 Dungeon Crawl Stone Soup version 0.29.0-11-gd7f09526c8 (webtiles) character file.

Game seed: 1177908535798420243

12 xian the Cutter (level 2, -1/29 HPs)
             Began as an Ogre Wanderer on Sept 3, 2022.
             Slain by a jackal (2 damage)
             ... on level 1 of the Dungeon.
             The game lasted 00:00:56 (56 turns).

xian the Cutter (Ogre Wanderer)                       Turns: 56, Time: 00:00:57

Health: -1/29      AC:  3    Str: 12    XL:     2   Next: 33%
Magic:  3/3        EV:  9    Int: 13    God:
Gold:   0          SH:  0    Dex: 11    Spells: 2/3 levels left

rFire   . . .      SeeInvis .   a - +1 rapier
rCold   . . .      Faith    .   (no shield)
rNeg    . . .      Spirit   .   c - +0 robe
rPois   .          Reflect  .   (helmet restricted)
rElec   .          Harm     .   (no cloak)
rCorr   .          Rampage  .   (gloves unavailable)
Will    .....                   (boots unavailable)
Stlth   +.........              (no amulet)
HPRegen 0.09/turn               (no ring)
MPRegen 0.08/turn               (no ring)

@: no status effects
A: large, unfitting armour, tough skin 1
a: no special abilities


You were on level 1 of the Dungeon.
You visited 1 branch of the dungeon, and saw 1 of its levels.

Inventory:

Hand Weapons
 a - a +1 rapier (weapon)
Armour
 c - a +0 robe (worn)


   Skills:
 + Level 2.7 Fighting
 + Level 3.2 Short Blades
 + Level 1.0 Throwing
 + Level 1.2 Spellcasting
 + Level 1.9 Poison Magic
 + Level 1.0 Invocations


You had 2 spell levels left.
You knew the following spells:

 Your Spells              Type           Power      Damage    Failure   Level
a - Sting                 Tmut/Pois      12%        1d3       19%         1

Your spell library contained the following spells:

 Spells                   Type           Power      Damage    Failure   Level
 Spider Form              Tmut/Pois      3%         N/A       50%         3


Dungeon Overview and Level Annotations

Branches:
Dungeon (1/15)

Altars:


Innate Abilities, Weirdness & Mutations

You are too large for most types of armour.
You have tough skin. (AC +1)


Message History

The jackal bites you but does no damage.
The rat bites you. The jackal barely misses you. x2
Unknown command.
You hit the rat.
You kill the rat!
The jackal bites you. x2
The giant cockroach waves its antennae.
Unknown command.
You completely miss the jackal.
The jackal is severely wounded.
The jackal bites you but does no damage. x2
The jackal bites you. x2
* * * LOW HITPOINT WARNING * * *
Unknown command.
You hit the jackal.
The jackal is almost dead.
The rat twitches its whiskers.
The jackal bites you.
* * * LOW HITPOINT WARNING * * *
The jackal bites you.
* * * LOW HITPOINT WARNING * * *
You closely miss the jackal.
The jackal is almost dead.
The jackal bites you.
* * * LOW HITPOINT WARNING * * *
The jackal bites you.
* * * LOW HITPOINT WARNING * * *
The jackal barely misses you.
The jackal bites you but does no damage.
You completely miss the jackal.
The jackal is almost dead.
The jackal bites you.
* * * LOW HITPOINT WARNING * * *
The jackal bites you.
* * * LOW HITPOINT WARNING * * *
Unknown command.
You closely miss the jackal.
The jackal is almost dead.
The jackal bites you.
You die...

###+#######+###
#..⌠...>...⌠..#
#......<......#
+⌠....###....⌠+
#.....h@......#
#######h#######
#....BwJBr.$..#
#..?..hBB.....#
#......J......#
###############


You could see a worm, 2 endoplasms, 3 jackals, 4 giant cockroaches and a rat.

Vanquished Creatures
  2 endoplasms (D:1)
  2 giant cockroaches (D:1)
  3 jackals (D:1)
  4 rats (D:1)
11 creatures vanquished.

Notes
Turn   | Place    | Note
-------+----------+-------------------------------------------
     0 | D:1      | xian the Ogre Wanderer began the quest for the Orb.
     0 | D:1      | xian set off with the following items: a +1 rapier, a
                  | potion of heal wounds, a +0 robe; and the following spell
                  | memorised: Sting; and the following spells available to
                  | memorise: Spider Form.
     0 | D:1      | Reached XP level 1. HP: 22/22 MP: 2/2
     1 | D:1      | Found a runed translucent door.
    19 | D:1      | Reached skill level 3 in Short Blades
    27 | D:1      | Reached XP level 2. HP: 17/29 MP: 3/3
    38 | D:1      | HP: 1/29 [frozen (1)]
    55 | D:1      | HP: 1/29 [jackal (1)]
    56 | D:1      | Slain by a jackal

Illustrated notes

Levels and vault maps discovered:
D:1:      dpeg_arrival_caged_fury, layout_basic

Skill      XL: |  1 |
---------------+----+-----
Short Blades   | 3 |  3.2
Fighting       | |  2.7
Throwing       | |  1.0
Spellcasting   | |  1.2
Poison Magic   | |  1.9
Invocations    | |  1.0

Action                   || total
-------------------------++-------
Melee: Rapier            ||    48
 Cast: Sting             ||     1
  Use: Potion            ||     1
Armor: Robe              ||    18
Dodge: Dodged            ||    28
